SAA
BETHESDA ATOMS @ MYRTLE BEACH MERMEN
07/28/2028
 
TOP OF THE 1ST
Bethesda Atoms batting - Pitching for Myrtle Beach Mermen : RHP Jordan Turpin
Pitching: RHP Jordan Turpin
Batting: RHB Bartolo Rosas 0-0: Ball
1-0: Swinging Strike
1-1: Swinging Strike
1-2: Ground out 5-3 (Groundball, 56)
Batting: RHB Carlos Soto 0-0: Ground out 5-3 (Groundball, 5S)
Batting: RHB Patrick Eggen 0-0: Ball
1-0: SINGLE (Groundball, 56D)
Batting: RHB Albert Zamudio 0-0: Ball
1-0: Called Strike
1-1: Foul Ball, location: 2F
1-2: Fielders Choice at 2nd, 5-4 (Groundball, 5)
Top of the 1st over - 0 run(s), 1 hit(s), 0 error(s), 0 left on base; Bethesda 0 - Myrtle Beach 0
BOTTOM OF THE 1ST
Myrtle Beach Mermen batting - Pitching for Bethesda Atoms : LHP Phil Miller
Pitching: LHP Phil Miller
Batting: RHB Sixto Estrada 0-0: Swinging Strike
0-1: Foul Ball, location: 2F
0-2: SINGLE (Line Drive, 6D)
Batting: RHB Carlos González 0-0: Called Strike
0-1: Swinging Strike
0-2: Foul Ball, location: 2F
0-2: Foul Ball, location: 2F
0-2: Ball
1-2: Foul Ball, location: 2F
1-2: Ball
2-2: SINGLE (Groundball, 6D)
Sixto Estrada to second
Sixto Estrada to third
Batting: RHB Éric Leroux 0-0: Called Strike
0-1: Ball
1-1: Ball
2-1: Foul Ball, location: 2F
2-2: Ball
3-2: Base on Balls
Carlos González to second
Batting: RHB Fernando Martínez 0-0: Foul Ball, location: 2F
0-1: Foul Ball, location: 2F
0-2: Ball
1-2: Fly out, F8 (Flyball, 8LS)
Batting: LHB Shigenobu Ohayashi 0-0: Fly out, F4 (Popup, 4MD)
Batting: LHB Marcos Costa 0-0: Ball
1-0: SINGLE (Line Drive, 9LS)
Sixto Estrada scores
Carlos González to third
Éric Leroux to second
Batting: RHB Sal Haynes 0-0: Ball
1-0: Ball
2-0: Fielders Choice at 2nd, U4 (Groundball, 4M)
Bottom of the 1st over - 1 run(s), 3 hit(s), 0 error(s), 3 left on base; Bethesda 0 - Myrtle Beach 1
TOP OF THE 2ND
Bethesda Atoms batting - Pitching for Myrtle Beach Mermen : RHP Jordan Turpin
Batting: RHB Carlos Deleón 0-0: Called Strike
0-1: Ground out 5-3 (Groundball, 56S)
Batting: RHB Héctor Amador 0-0: Called Strike
0-1: Ball
1-1: Swinging Strike
1-2: Foul Ball, location: 2F
1-2: Ball
2-2: Strikes out swinging
Batting: RHB Carlos León 0-0: Ball
1-0: Ball
2-0: Foul Ball, location: 2F
2-1: Foul Ball, location: 2F
2-2: Fly out, F7 (Flyball, 78S)
Top of the 2nd over - 0 run(s), 0 hit(s), 0 error(s), 0 left on base; Bethesda 0 - Myrtle Beach 1
BOTTOM OF THE 2ND
Myrtle Beach Mermen batting - Pitching for Bethesda Atoms : LHP Phil Miller
Batting: RHB Mark Frisby 0-0: Called Strike
0-1: Fly out, F8 (Flyball, 8LS)
Batting: LHB Philip Strickland 0-0: Ball
1-0: Ball
2-0: Foul Ball, location: 2F
2-1: SINGLE (Line Drive, 7LS)
Batting: RHB Sixto Estrada 0-0: Called Strike
0-1: Swinging Strike
0-2: Strikes out looking
Batting: RHB Carlos González 0-0: Ball
1-0: Called Strike
1-1: Ball
2-1: Called Strike
2-2: Strikes out swinging
Bottom of the 2nd over - 0 run(s), 1 hit(s), 0 error(s), 1 left on base; Bethesda 0 - Myrtle Beach 1
TOP OF THE 3RD
Bethesda Atoms batting - Pitching for Myrtle Beach Mermen : RHP Jordan Turpin
Batting: SHB Pedro Ortega 0-0: Fly out, F7 (Flyball, 7)
Batting: RHB Raúl Francisco 0-0: Swinging Strike
0-1: Called Strike
0-2: Strikes out swinging
Batting: RHB Bartolo Rosas 0-0: Foul Ball, location: 2F
0-1: Ball
1-1: Fly out, F9 (Flyball, 9S)
Top of the 3rd over - 0 run(s), 0 hit(s), 0 error(s), 0 left on base; Bethesda 0 - Myrtle Beach 1
BOTTOM OF THE 3RD
Myrtle Beach Mermen batting - Pitching for Bethesda Atoms : LHP Phil Miller
Batting: RHB Éric Leroux 0-0: Called Strike
0-1: Ball
1-1: Fly out, F8 (Flyball, 78S)
Now in CF: Juan Camacho
Batting: RHB Fernando Martínez 0-0: Called Strike
0-1: Ball
1-1: Swinging Strike
1-2: Ball
2-2: SINGLE (Groundball, 3) (infield hit)
Batting: LHB Shigenobu Ohayashi 0-0: Ball
1-0: Foul Ball, location: 2F
1-1: Ball
2-1: SINGLE (Line Drive, 34)
Fernando Martínez to second
Batting: LHB Marcos Costa 0-0: Foul Ball, location: 2F
0-1: Called Strike
0-2: Strikes out swinging
Batting: RHB Sal Haynes 0-0: Called Strike
0-1: Swinging Strike
0-2: Ball
1-2: Ball
2-2: Strikes out looking
Bottom of the 3rd over - 0 run(s), 2 hit(s), 0 error(s), 2 left on base; Bethesda 0 - Myrtle Beach 1
TOP OF THE 4TH
Bethesda Atoms batting - Pitching for Myrtle Beach Mermen : RHP Jordan Turpin
Batting: RHB Carlos Soto 0-0: Ball
1-0: Ball
2-0: Swinging Strike
2-1: Foul Ball, location: 2F
2-2: Foul Ball, location: 2F
2-2: Strikes out looking
Batting: RHB Patrick Eggen 0-0: Swinging Strike
0-1: SOLO HOME RUN (Flyball, 7D), Distance : 357 ft
Batting: RHB Albert Zamudio 0-0: Ground out 6-3 (Groundball, 6)
Batting: RHB Carlos Deleón 0-0: Ground out 5-3 (Groundball, 5L)
Top of the 4th over - 1 run(s), 1 hit(s), 0 error(s), 0 left on base; Bethesda 1 - Myrtle Beach 1
BOTTOM OF THE 4TH
Myrtle Beach Mermen batting - Pitching for Bethesda Atoms : LHP Phil Miller
Batting: RHB Mark Frisby 0-0: Called Strike
0-1: Ball
1-1: Ball
2-1: SINGLE (Groundball, 56S) (infield hit)
Batting: LHB Philip Strickland 0-0: Called Strike
0-1: Ball
1-1: Called Strike
1-2: Fly out, F7 (Flyball, 7S)
Batting: RHB Sixto Estrada 0-0: Fly out, F9 (Flyball, 89M)
Batting: RHB Carlos González 0-0: Swinging Strike
0-1: Foul Ball, location: 2F
0-2: Strikes out swinging
Bottom of the 4th over - 0 run(s), 1 hit(s), 0 error(s), 1 left on base; Bethesda 1 - Myrtle Beach 1
TOP OF THE 5TH
Bethesda Atoms batting - Pitching for Myrtle Beach Mermen : RHP Jordan Turpin
Batting: RHB Héctor Amador 0-0: Called Strike
0-1: Foul Ball, location: 2F
0-2: Ground out 4-3 (Groundball, 4)
Batting: RHB Carlos León 0-0: Swinging Strike
0-1: Ball
1-1: Swinging Strike
1-2: Strikes out swinging
Batting: SHB Pedro Ortega 0-0: Called Strike
0-1: Ball
1-1: Foul Ball, location: 2F
1-2: Ball
2-2: Ball
3-2: Fly out, F9 (Flyball, 9S)
Top of the 5th over - 0 run(s), 0 hit(s), 0 error(s), 0 left on base; Bethesda 1 - Myrtle Beach 1
BOTTOM OF THE 5TH
Myrtle Beach Mermen batting - Pitching for Bethesda Atoms : LHP Phil Miller
Batting: RHB Éric Leroux 0-0: Called Strike
0-1: Ball
1-1: Fly out, F8 (Flyball, 89M)
Batting: RHB Fernando Martínez 0-0: Called Strike
0-1: Ball
1-1: Ball
2-1: Foul Ball, location: 2F
2-2: Ball
3-2: Ground out 5-3 (Groundball, 56)
Batting: LHB Shigenobu Ohayashi 0-0: Foul Ball, location: 2F
0-1: Ball
1-1: Ball
2-1: Swinging Strike
2-2: Strikes out swinging
Bottom of the 5th over - 0 run(s), 0 hit(s), 0 error(s), 0 left on base; Bethesda 1 - Myrtle Beach 1
TOP OF THE 6TH
Bethesda Atoms batting - Pitching for Myrtle Beach Mermen : RHP Jordan Turpin
Batting: RHB Raúl Francisco 0-0: Ball
1-0: Called Strike
1-1: Fly out, F2 (Popup, 2R)
Batting: RHB Juan Camacho 0-0: Ball
1-0: Foul Ball, location: 2F
1-1: Swinging Strike
1-2: Ball
2-2: Strikes out swinging
Batting: RHB Carlos Soto 0-0: Swinging Strike
0-1: Foul Ball, location: 2F
0-2: Ground out 5-3 (Groundball, 56)
Top of the 6th over - 0 run(s), 0 hit(s), 0 error(s), 0 left on base; Bethesda 1 - Myrtle Beach 1
BOTTOM OF THE 6TH
Myrtle Beach Mermen batting - Pitching for Bethesda Atoms : LHP Phil Miller
Batting: LHB Marcos Costa 0-0: Called Strike
0-1: Ground out 4-3 (Groundball, 4)
Batting: RHB Sal Haynes 0-0: Ball
1-0: SINGLE (Groundball, 56D)
Batting: RHB Mark Frisby 0-0: Foul Ball, location: 2F
0-1: Foul Ball, location: 2F
0-2: Fly out, F3 (Popup, 3L)
Batting: LHB Philip Strickland 0-0: Swinging Strike
0-1: Ground out 4-3 (Groundball, 4S)
Bottom of the 6th over - 0 run(s), 1 hit(s), 0 error(s), 1 left on base; Bethesda 1 - Myrtle Beach 1
TOP OF THE 7TH
Bethesda Atoms batting - Pitching for Myrtle Beach Mermen : RHP Jordan Turpin
Batting: RHB Patrick Eggen 0-0: Called Strike
0-1: Called Strike
0-2: Ball
1-2: Ground out 6-3 (Groundball, 6)
Pinch Hitting: LHB Diego Rosas 0-0: Ball
1-0: Foul Ball, location: 2F
1-1: Foul Ball, location: 2F
1-2: Ball
2-2: Ball
3-2: Strikes out swinging
Batting: RHB Carlos Deleón 0-0: Called Strike
0-1: Called Strike
0-2: Foul Ball, location: 2F
0-2: Ground out 6-3 (Groundball, 6)
Top of the 7th over - 0 run(s), 0 hit(s), 0 error(s), 0 left on base; Bethesda 1 - Myrtle Beach 1
BOTTOM OF THE 7TH
Myrtle Beach Mermen batting - Pitching for Bethesda Atoms : LHP Phil Miller
Now in RF: Diego Rosas
Batting: RHB Sixto Estrada 0-0: Ball
1-0: Foul Ball, location: 2F
1-1: Ground out 3-1 (Groundball, 34)
Batting: RHB Carlos González 0-0: Ball
1-0: Ball
2-0: Foul Ball, location: 2F
2-1: Foul Ball, location: 2F
2-2: Foul Ball, location: 2F
2-2: SINGLE (Line Drive, 7LS)
Batting: RHB Éric Leroux 0-0: DOUBLE (Line Drive, 7LM)
Carlos González to third
Batting: RHB Fernando Martínez 0-0: Intentional Walk
Pinch Hitting: RHB Maik Palen 0-0: Called Strike
0-1: Swinging Strike
0-2: SINGLE (Line Drive, 4MD)
Carlos González scores
Éric Leroux to third
Fernando Martínez to second
Pinch Hitting: RHB Sancho Romero 0-0: Ball
1-0: Ball
2-0: Ball
3-0: Called Strike
3-1: Base on Balls
Éric Leroux scores
Fernando Martínez to third
Maik Palen to second
Pitching: RHP Will O'Slattery
Pinch Hitting: LHB Juan Villanueva 0-0: Called Strike
0-1: Ball
1-1: Called Strike
1-2: Strikes out swinging
Pinch Hitting: LHB Ferris Minor 0-0: Ball
1-0: Foul Ball, location: 2F
1-1: Ball
2-1: Called Strike
2-2: Ball
3-2: Base on Balls
Fernando Martínez scores
Maik Palen to third
Sancho Romero to second
Batting: LHB Philip Strickland 0-0: Called Strike
0-1: Called Strike
0-2: Ball
1-2: Ball
2-2: Strikes out looking
Bottom of the 7th over - 3 run(s), 3 hit(s), 0 error(s), 3 left on base; Bethesda 1 - Myrtle Beach 4
TOP OF THE 8TH
Bethesda Atoms batting - Pitching for Myrtle Beach Mermen : RHP Jordan Turpin
Now at 1B: Maik Palen
Now at 2B: Juan Villanueva
Now at 3B: Sancho Romero
Batting: RHB Héctor Amador 0-0: Called Strike
Now in RF: Ferris Minor 0-1: Ball
1-1: Foul Ball, location: 2F
1-2: Strikes out looking
Batting: RHB Carlos León 0-0: Ball
1-0: Ball
2-0: Called Strike
2-1: Ball
3-1: Called Strike
3-2: Foul Ball, location: 2F
3-2: Strikes out swinging, 2-3 out at first.
Batting: SHB Pedro Ortega 0-0: Ball
1-0: Ball
2-0: Ball
3-0: Base on Balls
Batting: RHB Raúl Francisco 0-0: Called Strike
0-1: Ball
1-1: Ball
2-1: Foul Ball, location: 2F
2-2: Ball
3-2: Strikes out swinging
Top of the 8th over - 0 run(s), 0 hit(s), 0 error(s), 1 left on base; Bethesda 1 - Myrtle Beach 4
BOTTOM OF THE 8TH
Myrtle Beach Mermen batting - Pitching for Bethesda Atoms : RHP Will O'Slattery
Batting: RHB Sixto Estrada 0-0: Swinging Strike
0-1: Ball
1-1: Ball
2-1: Ball
3-1: Fly out, F3 (Line Drive, 3)
Batting: RHB Carlos González 0-0: DOUBLE (Groundball, 5L)
Batting: RHB Éric Leroux 0-0: Ball
1-0: Ground out 6-3 (Groundball, 6)
Batting: RHB Fernando Martínez 0-0: Ball
1-0: Called Strike
1-1: Called Strike
1-2: Strikes out swinging
Bottom of the 8th over - 0 run(s), 1 hit(s), 0 error(s), 1 left on base; Bethesda 1 - Myrtle Beach 4
TOP OF THE 9TH
Bethesda Atoms batting - Pitching for Myrtle Beach Mermen : RHP Jordan Turpin
Pitching: LHP Francisco Gonsáles
Batting: RHB Juan Camacho 0-0: Called Strike
0-1: Ground out 6-3 (Groundball, 6D)
Batting: RHB Carlos Soto 0-0: Called Strike
0-1: Ball
1-1: Ground out 5-3 (Groundball, 5)
Batting: RHB Patrick Eggen 0-0: Foul Ball, location: 2F
0-1: Swinging Strike
0-2: Ball
1-2: Foul Ball, location: 2F
1-2: Ball
2-2: Foul Ball, location: 2F
2-2: Ball
3-2: Fly out, F8 (Flyball, 8RD)
Top of the 9th over - 0 run(s), 0 hit(s), 0 error(s), 0 left on base; Bethesda 1 - Myrtle Beach 4
Monday, August 21st, 2017 - OOTP Baseball 17.12 Build 75